 Dungeon Crawl Stone Soup version 0.18.1-6-gd335043 (webtiles) character file.

193 georgeearnest the Chopper (level 5, -2/46 HPs)
             Began as a Hill Orc Gladiator on May 20, 2016.
             Was an Initiate of Gozag.
             Slain by Rationalist's ghost (15 damage)
             ... on level 3 of the Dungeon.
             The game lasted 00:12:31 (4792 turns).

georgeearnest the Chopper (Hill Orc Gladiator)      Turns: 4792, Time: 00:12:32

Health: -2/46      AC:  4    Str: 19    XL:     5   Next: 72%
Magic:  5/5        EV: 12    Int:  8    God:    Gozag
Gold:   438        SH:  0    Dex: 11    Spells: 0 memorised, 4 levels left

rFire  . . .     SeeInvis .     a - +0 war axe
rCold  . . .     Gourm    .     b - +0 leather armour
rNeg   . . .     Faith    .     (no shield)
rPois  .         Spirit   .     c - +0 helmet
rElec  .         Dismiss  .     (no cloak)
rCorr  .         Reflect  .     (no gloves)
SustAt .         Harm     .     (no boots)
MR     .....                    l - amulet of inaccuracy (curse)
Stlth  +.........               (no ring)
                                (no ring)

@: not resistant to hostile enchantments, very unstealthy
A: no striking features
a: Potion Petition, Call Merchant, Bribe Branch, Renounce Religion


You were on level 3 of the Dungeon.
You worshipped Gozag.
Gozag was noncommittal.
You were not hungry.

You visited 1 branch of the dungeon, and saw 4 of its levels.

You collected 463 gold pieces.
You paid 25 gold pieces to Gozag.

Inventory:

Hand Weapons
 a - a +0 war axe (weapon)
Missiles
 e - 3 throwing nets (quivered)
Armour
 b - a +0 leather armour (worn)
 c - a +0 helmet (worn)
Jewellery
 f - an uncursed ring of sustain attributes {unknown}
 l - a cursed amulet of inaccuracy (around neck)
Wands
 g - a wand of digging (6/24)
Scrolls
 d - a scroll of identify
Comestibles
 i - 2 beef jerkies


   Skills:
 * Level 4.0 Fighting
 * Level 5.4 Axes
 + Level 1.7 Throwing
 + Level 2.0 Armour
 + Level 3.5 Dodging


You had 4 spell levels left.
You didn't know any spells.

Dungeon Overview and Level Annotations

Branches:
Dungeon (4/15)
 Temple: D:4-7

Altars:
Gozag

Shops:
D:2 *

Annotations:
D:2 Natasha
D:3 Rationalist's ghost, amateur DsBe


Message History

The worker ant bites you but does no damage.
The worker ant bites you.
You barely miss the worker ant.
The worker ant is lightly wounded.
The worker ant barely misses you.
You miss the worker ant.
The worker ant is lightly wounded.
The worker ant bites you. The worker ant misses you.
You see here 6 gold pieces.
The worker ant bites you!
* * * LOW HITPOINT WARNING * * *
The worker ant closely misses you. The worker ant barely misses you.
There is a stone staircase leading up here.
The worker ant closely misses you.
You climb upwards.
Level annotation: Rationalist's ghost, amateur DsBe Rationalist's ghost hits you!
You die...
Your body crumbles into a pile of gold.

#. #.# #.##.# ...
#.##+####.##.# # ...
#........ #.# # ....
##.....## #.# # #
.....##....(..## #.#.##
####
....#.........###....##
.......
...'.........'.......#
######.
.##.W.......###....## #
##@.%..).## #.#....
##a....## #.#.###
##...## #.... ..#'##
###.## .#.#.# #.#.# #.
.. .


You could see a worker ant and Rationalist's ghost.

Vanquished Creatures
  Crazy Yiuf (D:2)
  Jessica (D:2)
  6 adders
  An ooze (D:2)
  A worm (D:2)
  A dart slug (D:1)
  8 orcs (D:3)
  3 giant cockroaches
  8 hobgoblins
  4 jackals (D:2)
  8 kobolds
  2 quokkas (D:2)
  4 bats
  2 giant newts
  10 goblins
  9 rats
69 creatures vanquished.

Notes
Turn   | Place    | Note
--------------------------------------------------------------
     0 | D:1      | georgeearnest the Hill Orc Gladiator began the quest for the Orb.
     0 | D:1      | Reached XP level 1. HP: 18/18 MP: 1/1
     2 | D:1      | Noticed a vampire
     2 | D:1      | Noticed a tengu
     4 | D:1      | Noticed an ogre
     4 | D:1      | Noticed a gargoyle
     6 | D:1      | Noticed a demonspawn
     8 | D:1      | Noticed a halfling
     8 | D:1      | Noticed a felid
    10 | D:1      | Noticed a draconian
    10 | D:1      | Noticed a troll
    12 | D:1      | Noticed a formicid
    14 | D:1      | Noticed a human
    14 | D:1      | Noticed a ghoul
    16 | D:1      | Noticed an elf
    18 | D:1      | Noticed a centaur
    18 | D:1      | Noticed a merfolk
    20 | D:1      | Noticed a demigod
    20 | D:1      | Noticed a minotaur
    22 | D:1      | Noticed a vine stalker
    22 | D:1      | Noticed an octopode
    24 | D:1      | Noticed a dwarf
    24 | D:1      | Noticed a naga
    26 | D:1      | Noticed a spriggan
   378 | D:1      | Reached XP level 2. HP: 22/25 MP: 2/2
   979 | D:2      | Found an opulent altar of Gozag.
   982 | D:2      | Found Gozag's Platinum Reserve.
  1000 | D:2      | Became a worshipper of Gozag Ym Sagoz the Greedy
  1059 | D:2      | Reached XP level 3. HP: 17/30 MP: 3/3
  1467 | D:2      | Noticed Jessica
  1943 | D:1      | Reached XP level 4. HP: 22/38 MP: 4/4
  2137 | D:2      | Reached skill level 1 in Armour
  2287 | D:2      | Noticed Crazy Yiuf
  2294 | D:2      | Killed Crazy Yiuf
  2294 | D:2      | Reached skill level 5 in Axes
  2763 | D:3      | Reached XP level 5. HP: 40/45 MP: 5/5
  3187 | D:3      | Noticed Rationalist's ghost (amateur DsBe)
  3231 | D:3      | HP: 2/46 [Rationalist's ghost (13)]
  3706 | D:2      | Killed Jessica
  3849 | D:3      | Noticed Natasha
  4792 | D:3      | Slain by Rationalist's ghost

Skill      XL: |  1  2  3  4  5 |
---------------+----------------+-----
Dodging        | 3 |  3.5
Fighting       | 3 4 |  4.0
Armour         | 1 2 |  2.0
Axes           | 5 |  5.4
Throwing       | |  1.7

Action                   |  1- 3 |  4- 6 || total
-------------------------+-------+-------++-------
Melee: War axe           |   104 |   197 ||   301
Throw: Throwing net      |     5 |     3 ||     8
  Use: Potion            |     5 |       ||     5
       Scroll            |     3 |     1 ||     4
  Eat: Meat ration       |     1 |       ||     1
       Pizza             |       |     1 ||     1
       Bread ration      |       |     1 ||     1
       Beef jerky        |       |     1 ||     1
Armor: Leather armour    |    65 |   106 ||   171
Dodge: Dodged            |   147 |   260 ||   407
